Inferno vs Sasquatch
(R1)
Created - May 9, 2018 at 19:40
Goals
|
| Inferno |
1 |
1 |
1 |
3 |
| Sasquatch |
1 |
2 |
2 |
5 |
|
Shots
|
| Inferno |
12 |
9 |
9 |
30 |
| Sasquatch |
7 |
14 |
14 |
35 |
|
1st period
1. Inferno , David Ullstrom 2 (Vladimir Sobotka 5, Vladimir Zharkov 2) at 7:20
2. Sasquatch , Drew Shore 2 (Nick Leddy 4, Filip Forsberg 3) at 14:42 (PP)
Penalties :
Nick Bjugstad (Gat) for Holding (Minor) at 7:39, Colby Robak (Anc) for Roughing (Minor) at 14:32, Martin Marincin (Gat) for Roughing (Minor) at 17:04
2nd period
3. Inferno , David Savard 1 (Vladimir Zharkov 3, Michael Hutchinson) at 8:08 (PP)
4. Sasquatch , Drew Shore 3 (Jason Akeson 4, Corey Crawford) at 12:15 (PP)
5. Sasquatch , Matt Taormina 1 (Drew Shore 5, Filip Forsberg 4) at 16:35
Penalties :
Matt Kassian (Anc) for Slashing (Minor) at 1:28, Matt Taormina (Gat) for Hooking (Minor) at 2:31, Melker Karlsson (Gat) for Hooking (Minor) at 6:19, Martin Marincin (Gat) for Slashing (Minor) at 7:54, Philip Varone (Anc) for Holding (Minor) at 12:02
3rd period
6. Sasquatch , Lauri Tukonen 2 (Brock Trotter 1) at 1:04
7. Sasquatch , Jason Akeson 3 (Nick Leddy 5) at 6:37
8. Inferno , Anders Lee 1 (Christian Folin 1, Vladimir Zharkov 4) at 15:53 (PP)
Penalties :
Colby Robak (Anc) for Tripping (Minor) at 2:48, Sergey Kalinin (Gat) for Cross-checking (Minor) at 10:03, Patrick Wey (Gat) for Hooking (Minor) at 15:42, Melker Karlsson (Gat) for Tripping (Minor) at 16:04, Melker Karlsson (Gat) for Interference (Minor) at 19:43
Goalie Stats
Michael Hutchinson (Anc), 30 saves from 35 shots - (0.857), L, 0-3-0, 60:00 minutes
Corey Crawford (Gat), 27 saves from 30 shots - (0.900), W, 3-1-0, 60:00 minutes
Players Stats for Inferno
Player Name G A P +/- PIM S H SB GA TA FO MP PP MP PK MP
------------------------------------------------------------------------------------
Anders Lee 1 0 1 -1 0 2 2 0 0 0 12/22 19:54 7:04 0:21
Bryan Rust 0 0 0 -1 0 0 0 1 0 0 0/2 10:06 0:22 0:00
Cal O'Reilly 0 0 0 -1 0 0 1 1 0 0 3/5 9:15 0:00 0:38
Christian Folin 0 1 1 -1 0 1 1 1 0 0 0/0 23:43 8:15 0:57
Colby Robak 0 0 0 -1 4 1 5 0 0 0 0/0 26:08 8:16 0:56
David Savard 1 0 1 -1 0 5 5 1 0 0 0/0 25:59 3:18 1:53
David Ullstrom 1 0 1 0 0 1 4 0 2 0 1/2 24:25 7:13 2:07
Greg Pateryn 0 0 0 0 0 0 1 1 0 0 0/0 5:40 1:27 0:00
Kyle Palmieri 0 0 0 -1 0 5 3 0 1 0 0/0 18:42 5:34 0:00
Mathieu Brodeur 0 0 0 -1 0 0 0 4 0 4 0/0 20:24 0:00 1:32
Matt Kassian 0 0 0 -1 2 0 1 0 1 0 0/0 12:41 0:01 0:00
Matthew Nieto 0 0 0 0 0 0 0 0 0 0 0/0 7:13 0:02 0:40
Philip Varone 0 0 0 0 2 3 1 0 2 0 3/5 11:54 5:45 0:00
Simon Danis-Pepin 0 0 0 0 0 1 1 0 0 2 0/0 18:11 4:44 1:32
Tanner Pearson 0 0 0 -1 0 5 1 0 0 0 0/0 14:05 5:45 0:00
Tyler Shattock 0 0 0 0 0 0 0 0 0 0 0/0 6:51 0:02 0:00
Vladimir Sobotka 0 1 1 0 0 2 1 1 0 1 14/28 17:39 0:00 2:07
Vladimir Zharkov 0 3 3 0 0 4 0 0 0 0 0/1 22:45 7:12 0:57
Players Stats for Sasquatch
Player Name G A P +/- PIM S H SB GA TA FO MP PP MP PK MP
------------------------------------------------------------------------------------
Brandon Gormley 0 0 0 2 0 1 2 0 1 2 0/0 20:02 1:06 4:34
Brock Trotter 0 1 1 1 0 2 0 0 0 0 0/0 7:38 0:17 0:39
Drew Shore 2 1 3 1 0 9 0 1 0 0 20/38 24:16 1:54 6:47
Filip Forsberg 0 2 2 1 0 2 1 0 1 1 0/0 18:23 2:04 0:00
Jason Akeson 1 1 2 1 0 3 3 0 2 0 2/2 17:42 2:04 0:00
Jason Zucker 0 0 0 0 0 2 2 0 0 0 0/1 14:39 0:58 0:39
Lauri Tukonen 1 0 1 1 0 1 1 1 0 0 0/0 15:34 0:06 7:06
Martin Marincin 0 0 0 0 4 0 2 1 0 0 0/0 15:02 0:00 5:55
Matt Halischuk 0 0 0 0 0 4 3 0 0 0 0/0 16:04 0:00 4:09
Matt Taormina 1 0 1 2 2 1 2 6 1 2 0/0 25:40 1:05 7:31
Melker Karlsson 0 0 0 1 6 0 4 0 1 0 3/5 9:21 0:39 0:00
Nick Bjugstad 0 0 0 0 2 3 1 0 0 0 5/13 13:58 0:58 0:24
Nick Leddy 0 2 2 0 0 4 0 2 0 1 0/0 22:52 2:19 2:24
Patrick Wey 0 0 0 0 2 0 0 3 0 0 0/0 24:15 2:19 4:20
Petr Straka 0 0 0 0 0 0 0 0 0 0 0/0 8:23 1:15 0:00
Sergey Kalinin 0 0 0 0 2 1 0 0 0 0 2/6 11:11 0:00 3:48
Slava Voynov 0 0 0 0 0 2 2 1 1 0 0/0 12:18 0:00 1:15
Teemu Hartikainen 0 0 0 0 0 0 2 0 0 0 0/0 8:23 0:00 2:14
3 Stars
1 - Drew Shore (Gat)
2 - Jason Akeson (Gat)
3 - Matt Taormina (Gat)
Power Play
Inferno - 2 on 9 Attempt(s) - 22.22%
Sasquatch - 2 on 4 Attempt(s) - 50.00%
Penalty Kill
Inferno - 2 on 4 Attempt(s) - 50.00%
- Score 0 goal in Penalty Kill
Sasquatch - 7 on 9 Attempt(s) - 77.78%
- Score 0 goal in Penalty Kill
Team Stat
Inferno - Hits : 27 - Faceoff Wins : 33 - Blocked Shots : 10 - Penalty Minutes : 8
Sasquatch - Hits : 25 - Faceoff Wins : 32 - Blocked Shots : 15 - Penalty Minutes : 18
Official
Referees : Walsh Ian and Auger Stephane
Linesman : Shane Heyer and Lonnie Cameron
Game Notes
Greg Pateryn is injured at 19:05 of 1st period (Strained Left Elbow)
Brock Trotter is injured at 6:25 of 3rd period (Strained Right Knee)
Finance
Level 1 -- Attendance: 1860 (93.00%) -- Ticket Income $74,400
Level 2 -- Attendance: 857 (85.70%) -- Ticket Income $17,140
Total Attendance: 2717 (90.57%)
Total Ticket Income: $91,540
Other Income: $4,577
Total Income: $96,117
Inferno
5 vs 5 Forward
Center Left Wing Right Wing Time % Phy DF OF
1 Vladimir Sobotka David Ullstrom Vladimir Zharkov 40 1 2 2
2 Anders Lee Matt Kassian Kyle Palmieri 30 1 2 2
3 Cal O'Reilly Tanner Pearson Bryan Rust 20 1 2 2
4 Philip Varone Matthew Nieto Tyler Shattock 10 1 2 2
5 vs 5 Defense
Defense Defense Time % Phy DF OF
1 Colby Robak David Savard 40 1 2 2
2 Mathieu Brodeur Christian Folin 30 1 2 2
3 Greg Pateryn Simon Danis-Pepin 20 1 2 2
4 Mathieu Brodeur David Savard 10 1 2 2
PowerPlay Forward
Center Left Wing Right Wing Time % Phy DF OF
1 Anders Lee David Ullstrom Vladimir Zharkov 60 1 2 2
2 Philip Varone Tanner Pearson Kyle Palmieri 40 1 2 2
PowerPlay Defense
Defense Defense Time % Phy DF OF
1 Colby Robak Christian Folin 60 1 2 2
2 Greg Pateryn Simon Danis-Pepin 40 1 2 2
Penalty Kill 4 Players Forward
Center Wing Time % Phy DF OF
1 Vladimir Sobotka David Ullstrom 60 1 2 2
2 Cal O'Reilly Vladimir Zharkov 40 1 2 2
Penalty Kill 4 Players Defense
Defense Defense Time % Phy DF OF
1 Colby Robak David Savard 60 1 2 2
2 Mathieu Brodeur Simon Danis-Pepin 40 1 2 2
Penalty Kill - 3 Players Forward
Forward Time % Phy DF OF
1 Vladimir Sobotka 60 1 2 2
2 David Ullstrom 40 1 2 2
Penalty Kill - 3 Players Defense
Defense Defense Time % Phy DF OF
1 Colby Robak David Savard 60 1 2 2
2 Mathieu Brodeur Simon Danis-Pepin 40 1 2 2
4 vs 4 Forward
Center Wing Time % Phy DF OF
1 Vladimir Sobotka Kyle Palmieri 60 1 2 2
2 Anders Lee David Ullstrom 40 1 2 2
4 vs 4 Defense
Defense Defense Time % Phy DF OF
1 Colby Robak David Savard 60 1 2 2
2 Mathieu Brodeur Christian Folin 40 1 2 2
Last Minutes Offensive
Center Left Wing Right Wing Defense Defense
Vladimir Sobotka David Ullstrom Vladimir Zharkov Colby Robak David Savard
Last Minutes Defensive
Center Left Wing Right Wing Defense Defense
Vladimir Sobotka David Ullstrom Vladimir Zharkov Colby Robak David Savard
Goaltenders
Starting : Michael Hutchinson
Backup : Christopher Gibson
Extra Forwards
Normal : Anders Lee, Kyle Palmieri, Bryan Rust - PP : Tanner Pearson, Bryan Rust - PK : Vladimir Zharkov
Extra Defensemen
Normal : Mathieu Brodeur, Christian Folin, Greg Pateryn - PP : Simon Danis-Pepin - PK : Mathieu Brodeur, Greg Pateryn
Penalty Shots
Anders Lee, Vladimir Zharkov, Tanner Pearson, Bryan Rust, Matt Kassian
Scratches
Chris Brown (Healthy), Victor Rask (Healthy), Frank Corrado (Healthy), Ryan Spooner (Healthy), Joakim Nordstrom (Healthy)
Esa Lindell (Healthy), Trevor Carrick (Healthy), Petteri Lindbohm (Healthy), Daniil Tarasov (Healthy), Branden Troock (Healthy)
Luca Sbisa (Healthy), Nathan Lieuwen (Healthy)
Sasquatch
5 vs 5 Forward
Center Left Wing Right Wing Time % Phy DF OF
1 Drew Shore Filip Forsberg Jason Akeson 40 1 2 2
2 Nick Bjugstad Jason Zucker Matt Halischuk 30 1 2 2
3 Melker Karlsson Brock Trotter Lauri Tukonen 20 1 2 2
4 Sergey Kalinin Teemu Hartikainen Petr Straka 10 1 2 2
5 vs 5 Defense
Defense Defense Time % Phy DF OF
1 Patrick Wey Nick Leddy 40 1 2 2
2 Brandon Gormley Matt Taormina 30 1 2 2
3 Martin Marincin Slava Voynov 20 1 2 2
4 Slava Voynov Matt Taormina 10 1 2 2
PowerPlay Forward
Center Left Wing Right Wing Time % Phy DF OF
1 Drew Shore Filip Forsberg Jason Akeson 60 1 2 2
2 Nick Bjugstad Jason Zucker Petr Straka 40 1 2 2
PowerPlay Defense
Defense Defense Time % Phy DF OF
1 Nick Leddy Patrick Wey 60 1 2 2
2 Brandon Gormley Matt Taormina 40 1 2 2
Penalty Kill 4 Players Forward
Center Wing Time % Phy DF OF
1 Drew Shore Lauri Tukonen 60 1 2 2
2 Sergey Kalinin Matt Halischuk 40 1 2 2
Penalty Kill 4 Players Defense
Defense Defense Time % Phy DF OF
1 Martin Marincin Matt Taormina 60 1 2 2
2 Brandon Gormley Patrick Wey 40 1 2 2
Penalty Kill - 3 Players Forward
Forward Time % Phy DF OF
1 Sergey Kalinin 60 1 2 2
2 Drew Shore 40 1 2 2
Penalty Kill - 3 Players Defense
Defense Defense Time % Phy DF OF
1 Matt Taormina Brandon Gormley 60 1 2 2
2 Martin Marincin Patrick Wey 40 1 2 2
4 vs 4 Forward
Center Wing Time % Phy DF OF
1 Nick Bjugstad Filip Forsberg 60 1 2 2
2 Drew Shore Jason Zucker 40 1 2 2
4 vs 4 Defense
Defense Defense Time % Phy DF OF
1 Brandon Gormley Patrick Wey 60 1 2 2
2 Nick Leddy Martin Marincin 40 1 2 2
Last Minutes Offensive
Center Left Wing Right Wing Defense Defense
Drew Shore Filip Forsberg Jason Akeson Brandon Gormley Nick Leddy
Last Minutes Defensive
Center Left Wing Right Wing Defense Defense
Drew Shore Teemu Hartikainen Matt Halischuk Martin Marincin Matt Taormina
Goaltenders
Starting : Corey Crawford
Backup : Joonas Korpisalo
Extra Forwards
Normal : Jason Zucker, Petr Straka, Teemu Hartikainen - PP : Jason Zucker, Melker Karlsson - PK : Teemu Hartikainen
Extra Defensemen
Normal : Brandon Gormley, Slava Voynov, Nick Leddy - PP : Brandon Gormley - PK : Nick Leddy, Slava Voynov
Penalty Shots
Jason Akeson, Jason Zucker, Filip Forsberg, Nick Leddy, Lauri Tukonen
Scratches
Andy Andreoff (Healthy), T.J. Tynan (Healthy), Nicolas Deslauriers (Healthy), Ty Rattie (Healthy), Joey Laleggia (Healthy)
Andrew Campbell (Healthy), Jack Campbell (Healthy)
% Time on Ice - Inferno
Lines # - Real PCT - Wanted PCT - Time Play
Normal Forward
1 - 35% - 40% - 15:08
2 - 30% - 30% - 12:55
3 - 20% - 20% - 8:37
4 - 14% - 10% - 5:59
Normal Defense
1 - 36% - 40% - 15:26
2 - 30% - 30% - 12:56
3 - 27% - 20% - 11:35
4 - 6% - 10% - 2:42
PP Forward
1 - 56% - 60% - 7:14
2 - 44% - 40% - 5:46
PP Defense
1 - 64% - 60% - 8:16
2 - 36% - 40% - 4:44
PK Forward
1 - 81% - 60% - 2:47
2 - 19% - 40% - 0:38
PK Defense
1 - 67% - 60% - 2:17
2 - 33% - 40% - 1:08
PK3 Forward
1 - 0% - 60%
2 - 0% - 40%
PK3 Defense
1 - 0% - 60%
2 - 0% - 40%
44 Forward
1 - 68% - 60% - 0:38
2 - 32% - 40% - 0:18
44 Defense
1 - 52% - 60% - 0:29
2 - 48% - 40% - 0:27
Last Minute Offensive - 0:00
Last Minute Defensive - 0:00
Total
Forward - 60:00
Defense - 60:00
|
% Time on Ice - Sasquatch
Lines # - Real PCT - Wanted PCT - Time Play
Normal Forward
1 - 38% - 40% - 16:00
2 - 29% - 30% - 12:10
3 - 20% - 20% - 8:22
4 - 14% - 10% - 6:07
Normal Defense
1 - 44% - 40% - 18:34
2 - 32% - 30% - 13:33
3 - 19% - 20% - 8:02
4 - 6% - 10% - 2:30
PP Forward
1 - 63% - 60% - 2:10
2 - 37% - 40% - 1:15
PP Defense
1 - 68% - 60% - 2:19
2 - 32% - 40% - 1:06
PK Forward
1 - 67% - 60% - 8:35
2 - 33% - 40% - 4:11
PK Defense
1 - 64% - 60% - 8:09
2 - 36% - 40% - 4:37
PK3 Forward
1 - 100% - 60% - 0:14
2 - 0% - 40% - 0:00
PK3 Defense
1 - 100% - 60% - 0:14
2 - 0% - 40% - 0:00
44 Forward
1 - 73% - 60% - 0:41
2 - 27% - 40% - 0:15
44 Defense
1 - 57% - 60% - 0:32
2 - 43% - 40% - 0:24
Last Minute Offensive - 0:00
Last Minute Defensive - 0:00
Total
Forward - 60:00
Defense - 60:00
|
Play by Play
1st period
0:01 of 1st period - Drew Shore wins face-off versus Vladimir Sobotka in neutral zone.
0:04 of 1st period - Snap shot by Filip Forsberg.
0:04 of 1st period - Shot Hit the Post.
0:26 of 1st period - David Savard is hit by Matt Halischuk and loses puck.
0:49 of 1st period - Snap shot by Cal O'Reilly.
0:49 of 1st period - Shot Blocked by Matt Taormina.
1:07 of 1st period - Wrist shot by Philip Varone.
1:07 of 1st period - Shot Blocked by Martin Marincin.
1:09 of 1st period - Snap shot by David Savard.
1:09 of 1st period - Shot Blocked by Slava Voynov.
2:01 of 1st period - Snap shot by Tanner Pearson.
2:01 of 1st period - Shot Blocked by Nick Leddy.
2:29 of 1st period - Icing by Brock Trotter.
2:30 of 1st period - Melker Karlsson wins face-off versus Vladimir Sobotka in Sasquatch zone.
2:35 of 1st period - David Ullstrom is hit by Melker Karlsson and loses puck.
3:03 of 1st period - Icing by Christian Folin.
3:04 of 1st period - Anders Lee wins face-off versus Nick Bjugstad in Inferno zone.
3:15 of 1st period - Wrist shot by Kyle Palmieri.
3:15 of 1st period - Stopped by Corey Crawford with a rebound.
3:17 of 1st period - Slapshot by Mathieu Brodeur.
3:17 of 1st period - Deflect By Matt Kassian.
3:17 of 1st period - Shot Misses the Net.
3:17 of 1st period - Puck is out of play.
3:18 of 1st period - Drew Shore wins face-off versus Vladimir Sobotka in Sasquatch zone.
3:18 of 1st period - Drew Shore is hit by David Ullstrom.
3:44 of 1st period - Greg Pateryn is hit by Teemu Hartikainen and loses puck.
4:35 of 1st period - Wrist shot by Philip Varone.
4:35 of 1st period - Shot Misses the Net.
5:18 of 1st period - Simon Danis-Pepin is hit by Brandon Gormley.
5:24 of 1st period - Matt Halischuk is hit by Cal O'Reilly and loses puck.
5:57 of 1st period - Melker Karlsson is hit by Colby Robak and loses puck.
6:24 of 1st period - Wrist shot by Drew Shore.
6:24 of 1st period - Deflect By Jason Akeson.
6:24 of 1st period - Shot Misses the Net.
6:24 of 1st period - Puck is out of play.
6:25 of 1st period - Drew Shore wins face-off versus Vladimir Sobotka in Inferno zone.
6:32 of 1st period - Snap shot by David Ullstrom.
6:32 of 1st period - Shot Misses the Net.
6:34 of 1st period - Slapshot by Vladimir Sobotka.
6:34 of 1st period - Stopped by Corey Crawford without a rebound.
6:35 of 1st period - Vladimir Sobotka wins face-off versus Drew Shore in Sasquatch zone.
6:52 of 1st period - Slapshot by Vladimir Zharkov.
6:52 of 1st period - Shot Misses the Net.
6:54 of 1st period - Slapshot by Vladimir Zharkov.
6:54 of 1st period - Stopped by Corey Crawford with a rebound.
7:04 of 1st period - Wrist shot by Vladimir Sobotka.
7:04 of 1st period - Stopped by Corey Crawford with a rebound.
7:20 of 1st period - Snap shot by David Ullstrom.
7:20 of 1st period - Goal by David Ullstrom - Inferno : 1 - Sasquatch : 0.
7:21 of 1st period - Anders Lee wins face-off versus Nick Bjugstad in neutral zone.
7:26 of 1st period - Wrist shot by Kyle Palmieri.
7:26 of 1st period - Stopped by Corey Crawford with a rebound.
7:39 of 1st period - Minor Penalty to Nick Bjugstad for Holding.
7:40 of 1st period - Anders Lee wins face-off versus Drew Shore in Sasquatch zone.
7:52 of 1st period - Wrist shot by Anders Lee.
7:52 of 1st period - Shot Blocked by Matt Taormina.
7:54 of 1st period - Slapshot by Colby Robak.
7:54 of 1st period - Shot Misses the Net.
8:12 of 1st period - Wrist shot by Tanner Pearson.
8:12 of 1st period - Stopped by Corey Crawford with a rebound.
8:14 of 1st period - Slapshot by Philip Varone.
8:14 of 1st period - Stopped by Corey Crawford without a rebound.
8:15 of 1st period - Anders Lee wins face-off versus Sergey Kalinin in Sasquatch zone.
8:24 of 1st period - Snap shot by David Ullstrom.
8:24 of 1st period - Shot Misses the Net.
8:26 of 1st period - Snap shot by Vladimir Zharkov.
8:26 of 1st period - Stopped by Corey Crawford with a rebound.
8:28 of 1st period - Snap shot by David Ullstrom.
8:28 of 1st period - Shot Misses the Net.
8:30 of 1st period - Snap shot by Vladimir Zharkov.
8:30 of 1st period - Deflect By David Ullstrom.
8:30 of 1st period - Shot Blocked by Patrick Wey.
8:30 of 1st period - Puck is out of play.
8:31 of 1st period - Drew Shore wins face-off versus Anders Lee in Sasquatch zone.
8:31 of 1st period - Drew Shore is hit by Anders Lee.
9:06 of 1st period - Off-side.
9:07 of 1st period - Anders Lee wins face-off versus Sergey Kalinin in neutral zone.
9:12 of 1st period - Slapshot by David Ullstrom.
9:12 of 1st period - Deflect By Anders Lee.
9:12 of 1st period - Shot Blocked by Patrick Wey.
9:12 of 1st period - Puck is out of play.
9:13 of 1st period - Anders Lee wins face-off versus Drew Shore in Sasquatch zone.
9:14 of 1st period - Wrist shot by Vladimir Zharkov.
9:14 of 1st period - Shot Blocked by Matt Taormina.
9:26 of 1st period - Backhand shot by Anders Lee.
9:26 of 1st period - Shot Misses the Net.
9:39 of 1st period - Penalty to Nick Bjugstad is over, Nick Bjugstad is back on ice.
10:01 of 1st period - Snap shot by Nick Bjugstad.
10:01 of 1st period - Stopped by Michael Hutchinson without a rebound.
10:02 of 1st period - Vladimir Sobotka wins face-off versus Drew Shore in Inferno zone.
10:02 of 1st period - Vladimir Sobotka is hit by Jason Akeson.
10:34 of 1st period - Backhand shot by Kyle Palmieri.
10:34 of 1st period - Shot Misses the Net.
10:36 of 1st period - Snap shot by Matt Kassian.
10:36 of 1st period - Deflect By Kyle Palmieri.
10:36 of 1st period - Shot Blocked by Patrick Wey.
10:36 of 1st period - Puck is out of play.
10:37 of 1st period - Nick Bjugstad wins face-off versus Anders Lee in Sasquatch zone.
10:53 of 1st period - Off-side.
10:54 of 1st period - Vladimir Sobotka wins face-off versus Drew Shore in neutral zone.
10:59 of 1st period - Wrist shot by Vladimir Zharkov.
10:59 of 1st period - Shot Misses the Net.
11:08 of 1st period - Off-side.
11:09 of 1st period - Anders Lee wins face-off versus Nick Bjugstad in neutral zone.
11:57 of 1st period - Brock Trotter is hit by Greg Pateryn and loses puck.
12:58 of 1st period - Snap shot by Jason Akeson.
12:58 of 1st period - Shot Blocked by Mathieu Brodeur.
13:00 of 1st period - Wrist shot by Drew Shore.
13:00 of 1st period - Shot Blocked by Vladimir Sobotka.
13:20 of 1st period - Snap shot by Tanner Pearson.
13:20 of 1st period - Stopped by Corey Crawford with a rebound.
13:58 of 1st period - Wrist shot by Anders Lee.
13:58 of 1st period - Stopped by Corey Crawford with a rebound.
14:32 of 1st period - Minor Penalty to Colby Robak for Roughing.
14:33 of 1st period - Drew Shore wins face-off versus David Ullstrom in Inferno zone.
14:38 of 1st period - Wrist shot by Filip Forsberg.
14:38 of 1st period - Shot Misses the Net.
14:40 of 1st period - Backhand shot by Drew Shore.
14:40 of 1st period - Shot Blocked by Mathieu Brodeur.
14:42 of 1st period - Slapshot by Nick Leddy.
14:42 of 1st period - Deflect By Drew Shore.
14:42 of 1st period - Goal by Drew Shore - Inferno : 1 - Sasquatch : 1.
14:43 of 1st period - Vladimir Sobotka wins face-off versus Drew Shore in neutral zone.
14:46 of 1st period - Snap shot by Vladimir Zharkov.
14:46 of 1st period - Shot Misses the Net.
15:08 of 1st period - Matt Halischuk is hit by Matt Kassian and loses puck.
15:14 of 1st period - Off-side.
15:15 of 1st period - Drew Shore wins face-off versus Bryan Rust in neutral zone.
15:18 of 1st period - Snap shot by Jason Akeson.
15:18 of 1st period - Stopped by Michael Hutchinson with a rebound.
15:20 of 1st period - Slapshot by Brandon Gormley.
15:20 of 1st period - Shot Blocked by Greg Pateryn.
15:22 of 1st period - Wrist shot by Drew Shore.
15:22 of 1st period - Stopped by Michael Hutchinson with a rebound.
15:24 of 1st period - Wrist shot by Drew Shore.
15:24 of 1st period - Shot Misses the Net.
15:51 of 1st period - Slapshot by Nick Bjugstad.
15:51 of 1st period - Stopped by Michael Hutchinson with a rebound.
15:53 of 1st period - Slapshot by Jason Zucker.
15:53 of 1st period - Stopped by Michael Hutchinson with a rebound.
16:03 of 1st period - Lauri Tukonen is hit by Kyle Palmieri and loses puck.
17:04 of 1st period - Minor Penalty to Martin Marincin for Roughing.
17:05 of 1st period - David Ullstrom wins face-off versus Drew Shore in Sasquatch zone.
17:09 of 1st period - Snap shot by David Ullstrom.
17:09 of 1st period - Shot Misses the Net.
17:11 of 1st period - Wrist shot by David Ullstrom.
17:11 of 1st period - Shot Misses the Net.
17:13 of 1st period - Slapshot by Colby Robak.
17:13 of 1st period - Shot Misses the Net.
17:15 of 1st period - Wrist shot by Vladimir Zharkov.
17:15 of 1st period - Shot Blocked by Lauri Tukonen.
17:17 of 1st period - Slapshot by Colby Robak.
17:17 of 1st period - Shot Blocked by Matt Taormina.
17:37 of 1st period - Backhand shot by Tanner Pearson.
17:37 of 1st period - Stopped by Corey Crawford with a rebound.
17:39 of 1st period - Wrist shot by Colby Robak.
17:39 of 1st period - Shot Blocked by Matt Taormina.
18:13 of 1st period - Snap shot by Sergey Kalinin.
18:13 of 1st period - Deflect By Matt Halischuk.
18:13 of 1st period - Stopped by Michael Hutchinson with a rebound.
19:04 of 1st period - Penalty to Martin Marincin is over, Martin Marincin is back on ice.
19:04 of 1st period - Greg Pateryn is hit by Martin Marincin and loses puck.
19:05 of 1st period - Greg Pateryn from Inferno is injured at 19:05 of 1st period (Strained Left Elbow).
19:06 of 1st period - Vladimir Sobotka wins face-off versus Drew Shore in Inferno zone.
19:14 of 1st period - Icing by Vladimir Zharkov.
19:15 of 1st period - Drew Shore wins face-off versus Vladimir Sobotka in Inferno zone.
19:34 of 1st period - Drew Shore is hit by Colby Robak and loses puck.
Goals for this period are 1 for Inferno vs 1 for Sasquatch.
Shots for this period are 12 for Inferno vs 7 for Sasquatch.
2nd period
0:01 of 2nd period - Nick Bjugstad wins face-off versus Vladimir Sobotka in neutral zone.
0:10 of 2nd period - Snap shot by Vladimir Zharkov.
0:10 of 2nd period - Stopped by Corey Crawford with a rebound.
0:12 of 2nd period - Wrist shot by David Savard.
0:12 of 2nd period - Deflect By Matt Taormina.
0:12 of 2nd period - Stopped by Corey Crawford without a rebound.
0:13 of 2nd period - Anders Lee wins face-off versus Drew Shore in Sasquatch zone.
1:19 of 2nd period - Wrist shot by Jason Zucker.
1:19 of 2nd period - Stopped by Michael Hutchinson with a rebound.
1:21 of 2nd period - Slapshot by Matt Halischuk.
1:21 of 2nd period - Deflect By Jason Zucker.
1:21 of 2nd period - Shot Misses the Net.
1:21 of 2nd period - Puck is out of play.
1:22 of 2nd period - Melker Karlsson wins face-off versus Anders Lee in Inferno zone.
1:28 of 2nd period - Minor Penalty to Matt Kassian for Slashing.
1:29 of 2nd period - Vladimir Sobotka wins face-off versus Nick Bjugstad in Inferno zone.
1:55 of 2nd period - Jason Akeson is hit by David Savard and loses puck.
2:26 of 2nd period - Wrist shot by Vladimir Zharkov.
2:26 of 2nd period - Deflect By Cal O'Reilly.
2:26 of 2nd period - Shot Blocked by Drew Shore.
2:26 of 2nd period - Puck is out of play.
2:27 of 2nd period - Cal O'Reilly wins face-off versus Drew Shore in Sasquatch zone.
2:31 of 2nd period - Minor Penalty to Matt Taormina for Hooking.
2:32 of 2nd period - Vladimir Sobotka wins face-off versus Nick Bjugstad in Sasquatch zone.
3:18 of 2nd period - Slapshot by Nick Leddy.
3:18 of 2nd period - Shot Misses the Net.
3:24 of 2nd period - Nick Leddy is hit by David Ullstrom and loses puck.
3:28 of 2nd period - Penalty to Matt Kassian is over, Matt Kassian is back on ice.
4:31 of 2nd period - Penalty to Matt Taormina is over, Matt Taormina is back on ice.
5:21 of 2nd period - Brandon Gormley is hit by Kyle Palmieri.
5:33 of 2nd period - Melker Karlsson is hit by David Ullstrom.
5:37 of 2nd period - Slapshot by Nick Leddy.
5:37 of 2nd period - Deflect By Brock Trotter.
5:37 of 2nd period - Stopped by Michael Hutchinson without a rebound.
5:38 of 2nd period - Philip Varone wins face-off versus Nick Bjugstad in Inferno zone.
6:19 of 2nd period - Minor Penalty to Melker Karlsson for Hooking.
6:20 of 2nd period - Drew Shore wins face-off versus Anders Lee in Sasquatch zone.
6:39 of 2nd period - Lauri Tukonen is hit by Colby Robak and loses puck.
7:06 of 2nd period - Icing by Kyle Palmieri.
7:07 of 2nd period - Philip Varone wins face-off versus Drew Shore in Inferno zone.
7:24 of 2nd period - Snap shot by Matt Halischuk.
7:24 of 2nd period - Stopped by Michael Hutchinson with a rebound.
7:54 of 2nd period - Minor Penalty to Martin Marincin for Slashing.
7:55 of 2nd period - Sergey Kalinin wins face-off versus Anders Lee in Sasquatch zone.
8:08 of 2nd period - Slapshot by David Savard.
8:08 of 2nd period - Goal by David Savard - Inferno : 2 - Sasquatch : 1.
8:09 of 2nd period - Anders Lee wins face-off versus Drew Shore in neutral zone.
8:20 of 2nd period - Drew Shore is hit by Colby Robak and loses puck.
9:41 of 2nd period - Kyle Palmieri is hit by Matt Taormina.
9:53 of 2nd period - Snap shot by Matt Halischuk.
9:53 of 2nd period - Shot Misses the Net.
9:54 of 2nd period - Penalty to Martin Marincin is over, Martin Marincin is back on ice.
10:32 of 2nd period - Wrist shot by Brock Trotter.
10:32 of 2nd period - Stopped by Michael Hutchinson without a rebound.
10:33 of 2nd period - Melker Karlsson wins face-off versus Bryan Rust in Inferno zone.
10:34 of 2nd period - Snap shot by Lauri Tukonen.
10:34 of 2nd period - Deflect By Melker Karlsson.
10:34 of 2nd period - Shot Blocked by Christian Folin.
10:34 of 2nd period - Puck is out of play.
10:35 of 2nd period - Vladimir Sobotka wins face-off versus Melker Karlsson in Inferno zone.
10:59 of 2nd period - Christian Folin is hit by Jason Akeson and loses puck.
11:06 of 2nd period - Brandon Gormley is hit by Kyle Palmieri and loses puck.
11:19 of 2nd period - Nick Bjugstad is hit by David Savard and loses puck.
11:47 of 2nd period - Christian Folin is hit by Slava Voynov.
12:02 of 2nd period - Minor Penalty to Philip Varone for Holding.
12:03 of 2nd period - Drew Shore wins face-off versus Vladimir Sobotka in Inferno zone.
12:03 of 2nd period - Slapshot by Nick Leddy.
12:03 of 2nd period - Shot Blocked by David Savard.
12:15 of 2nd period - Wrist shot by Drew Shore.
12:15 of 2nd period - Goal by Drew Shore - Inferno : 2 - Sasquatch : 2.
12:16 of 2nd period - Vladimir Sobotka wins face-off versus Drew Shore in neutral zone.
12:41 of 2nd period - Patrick Wey is hit by Anders Lee and loses puck.
12:47 of 2nd period - Nick Leddy is hit by Colby Robak and loses puck.
13:27 of 2nd period - Slava Voynov is hit by Vladimir Sobotka and loses puck.
13:36 of 2nd period - Slapshot by Martin Marincin.
13:36 of 2nd period - Shot Misses the Net.
13:50 of 2nd period - Snap shot by Anders Lee.
13:50 of 2nd period - Deflect By Kyle Palmieri.
13:50 of 2nd period - Stopped by Corey Crawford with a rebound.
13:56 of 2nd period - Kyle Palmieri is hit by Matt Taormina and loses puck.
14:42 of 2nd period - Snap shot by Philip Varone.
14:42 of 2nd period - Stopped by Corey Crawford with a rebound.
14:44 of 2nd period - Slapshot by David Savard.
14:44 of 2nd period - Stopped by Corey Crawford with a rebound.
14:46 of 2nd period - Wrist shot by Philip Varone.
14:46 of 2nd period - Stopped by Corey Crawford without a rebound.
14:47 of 2nd period - Drew Shore wins face-off versus Vladimir Sobotka in Sasquatch zone.
14:47 of 2nd period - Drew Shore is hit by David Savard.
14:53 of 2nd period - Colby Robak is hit by Slava Voynov and loses puck.
15:16 of 2nd period - Snap shot by Jason Akeson.
15:16 of 2nd period - Stopped by Michael Hutchinson without a rebound.
15:17 of 2nd period - Cal O'Reilly wins face-off versus Jason Zucker in Inferno zone.
15:22 of 2nd period - Bryan Rust is hit by Jason Zucker and loses puck.
15:31 of 2nd period - Snap shot by Nick Bjugstad.
15:31 of 2nd period - Shot Misses the Net.
15:33 of 2nd period - Slapshot by Nick Leddy.
15:33 of 2nd period - Shot Blocked by Cal O'Reilly.
15:43 of 2nd period - Snap shot by David Savard.
15:43 of 2nd period - Stopped by Corey Crawford with a rebound.
15:55 of 2nd period - Vladimir Sobotka is hit by Melker Karlsson and loses puck.
16:13 of 2nd period - Icing by Jason Akeson.
16:14 of 2nd period - Drew Shore wins face-off versus Anders Lee in Sasquatch zone.
16:27 of 2nd period - Wrist shot by Filip Forsberg.
16:27 of 2nd period - Stopped by Michael Hutchinson with a rebound.
16:29 of 2nd period - Snap shot by Filip Forsberg.
16:29 of 2nd period - Shot Misses the Net.
16:31 of 2nd period - Wrist shot by Filip Forsberg.
16:31 of 2nd period - Shot Blocked by Mathieu Brodeur.
16:33 of 2nd period - Snap shot by Drew Shore.
16:33 of 2nd period - Stopped by Michael Hutchinson with a rebound.
16:35 of 2nd period - Slapshot by Matt Taormina.
16:35 of 2nd period - Goal by Matt Taormina - Inferno : 2 - Sasquatch : 3.
16:36 of 2nd period - Jason Akeson wins face-off versus Vladimir Sobotka in neutral zone.
16:41 of 2nd period - Slapshot by Nick Leddy.
16:41 of 2nd period - Stopped by Michael Hutchinson with a rebound.
17:27 of 2nd period - Slava Voynov is hit by David Savard and loses puck.
18:46 of 2nd period - Nick Bjugstad is hit by David Savard and loses puck.
18:51 of 2nd period - Snap shot by Cal O'Reilly.
18:51 of 2nd period - Deflect By Tanner Pearson.
18:51 of 2nd period - Stopped by Corey Crawford without a rebound.
18:52 of 2nd period - Jason Akeson wins face-off versus Cal O'Reilly in Sasquatch zone.
18:59 of 2nd period - Snap shot by Nick Leddy.
18:59 of 2nd period - Stopped by Michael Hutchinson with a rebound.
19:01 of 2nd period - Wrist shot by Drew Shore.
19:01 of 2nd period - Stopped by Michael Hutchinson with a rebound.
19:03 of 2nd period - Slapshot by Nick Leddy.
19:03 of 2nd period - Stopped by Michael Hutchinson without a rebound.
19:04 of 2nd period - Drew Shore wins face-off versus Vladimir Sobotka in Inferno zone.
19:11 of 2nd period - Slapshot by Nick Leddy.
19:11 of 2nd period - Stopped by Michael Hutchinson with a rebound.
19:53 of 2nd period - Kyle Palmieri is hit by Matt Halischuk and loses puck.
Goals for this period are 1 for Inferno vs 2 for Sasquatch.
Shots for this period are 9 for Inferno vs 14 for Sasquatch.
3rd period
0:01 of 3rd period - Vladimir Sobotka wins face-off versus Drew Shore in neutral zone.
0:04 of 3rd period - Jason Akeson is hit by David Ullstrom and loses puck.
0:15 of 3rd period - Snap shot by Jason Akeson.
0:15 of 3rd period - Deflect By Drew Shore.
0:15 of 3rd period - Stopped by Michael Hutchinson without a rebound.
0:16 of 3rd period - Anders Lee wins face-off versus Nick Bjugstad in Inferno zone.
0:20 of 3rd period - Colby Robak is hit by Matt Halischuk.
0:43 of 3rd period - Vladimir Zharkov is hit by Filip Forsberg and loses puck.
1:04 of 3rd period - Slapshot by Lauri Tukonen.
1:04 of 3rd period - Goal by Lauri Tukonen - Inferno : 2 - Sasquatch : 4.
1:05 of 3rd period - Drew Shore wins face-off versus Vladimir Sobotka in neutral zone.
1:10 of 3rd period - Snap shot by Drew Shore.
1:10 of 3rd period - Stopped by Michael Hutchinson without a rebound.
1:11 of 3rd period - Vladimir Sobotka wins face-off versus Drew Shore in Inferno zone.
1:22 of 3rd period - Wrist shot by Jason Akeson.
1:22 of 3rd period - Shot Misses the Net.
1:24 of 3rd period - Snap shot by Jason Akeson.
1:24 of 3rd period - Deflect By Drew Shore.
1:24 of 3rd period - Stopped by Michael Hutchinson with a rebound.
1:26 of 3rd period - Wrist shot by Drew Shore.
1:26 of 3rd period - Stopped by Michael Hutchinson with a rebound.
1:38 of 3rd period - Slapshot by David Savard.
1:38 of 3rd period - Stopped by Corey Crawford without a rebound.
1:39 of 3rd period - Nick Bjugstad wins face-off versus Anders Lee in Sasquatch zone.
1:48 of 3rd period - Wrist shot by Kyle Palmieri.
1:48 of 3rd period - Stopped by Corey Crawford with a rebound.
2:23 of 3rd period - Snap shot by Nick Bjugstad.
2:23 of 3rd period - Stopped by Michael Hutchinson with a rebound.
2:48 of 3rd period - Minor Penalty to Colby Robak for Tripping.
2:49 of 3rd period - Drew Shore wins face-off versus Vladimir Sobotka in Inferno zone.
3:45 of 3rd period - David Savard is hit by Melker Karlsson.
3:49 of 3rd period - Matthew Nieto is hit by Melker Karlsson and loses puck.
4:48 of 3rd period - Penalty to Colby Robak is over, Colby Robak is back on ice.
5:31 of 3rd period - Icing by Simon Danis-Pepin.
5:32 of 3rd period - Nick Bjugstad wins face-off versus Philip Varone in Inferno zone.
5:33 of 3rd period - Snap shot by Matt Halischuk.
5:33 of 3rd period - Stopped by Michael Hutchinson without a rebound.
5:34 of 3rd period - Nick Bjugstad wins face-off versus Philip Varone in Inferno zone.
5:35 of 3rd period - Snap shot by Matt Halischuk.
5:35 of 3rd period - Stopped by Michael Hutchinson with a rebound.
6:24 of 3rd period - Brock Trotter is hit by Christian Folin and loses puck.
6:25 of 3rd period - Brock Trotter from Sasquatch is injured at 6:25 of 3rd period (Strained Right Knee).
6:26 of 3rd period - Vladimir Sobotka wins face-off versus Drew Shore in Sasquatch zone.
6:37 of 3rd period - Snap shot by Jason Akeson.
6:37 of 3rd period - Goal by Jason Akeson - Inferno : 2 - Sasquatch : 5.
6:38 of 3rd period - Drew Shore wins face-off versus Vladimir Sobotka in neutral zone.
8:55 of 3rd period - Wrist shot by Bryan Rust.
8:55 of 3rd period - Shot Blocked by Nick Leddy.
8:57 of 3rd period - Snap shot by Tanner Pearson.
8:57 of 3rd period - Stopped by Corey Crawford without a rebound.
8:58 of 3rd period - Drew Shore wins face-off versus Vladimir Zharkov in Sasquatch zone.
9:03 of 3rd period - Wrist shot by Drew Shore.
9:03 of 3rd period - Shot Misses the Net.
9:05 of 3rd period - Backhand shot by Filip Forsberg.
9:05 of 3rd period - Stopped by Michael Hutchinson with a rebound.
9:07 of 3rd period - Snap shot by Slava Voynov.
9:07 of 3rd period - Stopped by Michael Hutchinson with a rebound.
9:09 of 3rd period - Wrist shot by Slava Voynov.
9:09 of 3rd period - Stopped by Michael Hutchinson with a rebound.
9:11 of 3rd period - Snap shot by Drew Shore.
9:11 of 3rd period - Shot Blocked by Mathieu Brodeur.
9:23 of 3rd period - Anders Lee is hit by Lauri Tukonen and loses puck.
9:40 of 3rd period - Snap shot by Sergey Kalinin.
9:40 of 3rd period - Stopped by Michael Hutchinson without a rebound.
9:41 of 3rd period - Sergey Kalinin wins face-off versus Cal O'Reilly in Inferno zone.
9:54 of 3rd period - Petr Straka is hit by Tanner Pearson and loses puck.
10:03 of 3rd period - Minor Penalty to Sergey Kalinin for Cross-checking.
10:04 of 3rd period - Drew Shore wins face-off versus Anders Lee in Sasquatch zone.
12:03 of 3rd period - Penalty to Sergey Kalinin is over, Sergey Kalinin is back on ice.
12:44 of 3rd period - Christian Folin is hit by Teemu Hartikainen and loses puck.
13:14 of 3rd period - Icing by Mathieu Brodeur.
13:15 of 3rd period - Drew Shore wins face-off versus Vladimir Sobotka in Inferno zone.
13:26 of 3rd period - Snap shot by Sergey Kalinin.
13:26 of 3rd period - Shot Misses the Net.
13:28 of 3rd period - Snap shot by Brandon Gormley.
13:28 of 3rd period - Shot Blocked by Bryan Rust.
13:44 of 3rd period - Wrist shot by Kyle Palmieri.
13:44 of 3rd period - Stopped by Corey Crawford with a rebound.
14:08 of 3rd period - Nick Leddy is hit by Philip Varone and loses puck.
14:38 of 3rd period - Snap shot by David Ullstrom.
14:38 of 3rd period - Shot Misses the Net.
14:40 of 3rd period - Wrist shot by Colby Robak.
14:40 of 3rd period - Stopped by Corey Crawford without a rebound.
14:41 of 3rd period - Vladimir Sobotka wins face-off versus Sergey Kalinin in Sasquatch zone.
14:42 of 3rd period - Snap shot by Vladimir Zharkov.
14:42 of 3rd period - Stopped by Corey Crawford with a rebound.
15:03 of 3rd period - Icing by Sergey Kalinin.
15:04 of 3rd period - Anders Lee wins face-off versus Sergey Kalinin in Sasquatch zone.
15:13 of 3rd period - Snap shot by Brandon Gormley.
15:13 of 3rd period - Stopped by Michael Hutchinson without a rebound.
15:14 of 3rd period - Anders Lee wins face-off versus Drew Shore in Inferno zone.
15:14 of 3rd period - Anders Lee is hit by Jason Akeson.
15:31 of 3rd period - Snap shot by Anders Lee.
15:31 of 3rd period - Shot Blocked by Matt Taormina.
15:33 of 3rd period - Slapshot by Mathieu Brodeur.
15:33 of 3rd period - Shot Misses the Net.
15:35 of 3rd period - Slapshot by Mathieu Brodeur.
15:35 of 3rd period - Shot Hit the Post.
15:37 of 3rd period - Slapshot by Simon Danis-Pepin.
15:37 of 3rd period - Stopped by Corey Crawford without a rebound.
15:38 of 3rd period - Vladimir Sobotka wins face-off versus Nick Bjugstad in Sasquatch zone.
15:42 of 3rd period - Minor Penalty to Patrick Wey for Hooking.
15:43 of 3rd period - Drew Shore wins face-off versus Anders Lee in Sasquatch zone.
15:51 of 3rd period - Slapshot by Christian Folin.
15:51 of 3rd period - Stopped by Corey Crawford with a rebound.
15:53 of 3rd period - Wrist shot by Anders Lee.
15:53 of 3rd period - Goal by Anders Lee - Inferno : 3 - Sasquatch : 5.
15:54 of 3rd period - Cal O'Reilly wins face-off versus Melker Karlsson in neutral zone.
16:04 of 3rd period - Minor Penalty to Melker Karlsson for Tripping.
16:05 of 3rd period - Drew Shore wins face-off versus Anders Lee in Sasquatch zone.
16:19 of 3rd period - Christian Folin is hit by Martin Marincin and loses puck.
17:39 of 3rd period - Tanner Pearson is hit by Jason Zucker and loses puck.
18:04 of 3rd period - Penalty to Melker Karlsson is over, Melker Karlsson is back on ice.
18:08 of 3rd period - Melker Karlsson is hit by Simon Danis-Pepin and loses puck.
18:54 of 3rd period - Bryan Rust is hit by Nick Bjugstad and loses puck.
19:31 of 3rd period - Mathieu Brodeur is hit by Brandon Gormley.
19:43 of 3rd period - Minor Penalty to Melker Karlsson for Interference.
19:44 of 3rd period - Philip Varone wins face-off versus Drew Shore in Sasquatch zone.
Goals for this period are 1 for Inferno vs 2 for Sasquatch.
Shots for this period are 9 for Inferno vs 14 for Sasquatch.
Back to the Top